AoeStats
← Traiano86

Black Forest

509190991Analyzed
4v4 RM · 6d ago on Sep 25, 2026· 54m 12s· 8 players
Game mode
Random Map
Map size
Large (8 player)
Population
200
Speed
Normal
Resources
Standard
Victory
Conquest
Starting age
Dark Age
Ending age
Imperial Age
RankedLock teamsTeams togetherTeam positionsShared explorationLock speedFull tech treeHidden civsTurbo modeCheats
Victory
Defeat
🇺🇸 Saxons · United States
922
+13
🇹🇷 Huns · Türkiye
865
+15
🇨🇦 Varangians · Canada
822
+17
🇮🇩 Britons · Indonesia
812
+18
🇮🇹 Magyars · Italy
1000
-73
🇮🇹 Turks · Italy
934
-19
🇮🇹 Franks · Italy
734
-11
🇮🇹 Romans · Italy
732
-11
IlSindaco
15:34 Feudal Age
20:32 Double-Bit Axe
21:45 Wheelbarrow
24:05 Castle Age
22:46 Wheelbarrow
27:29 Hand Cart
35:12 Pikeman
40:15 Imperial Age
49:50 Arrowslits
51:05 Chemistry
50:43 Halberdier
51:23 Squires
FaroKill3r
17:59 Feudal Age
19:28 Feudal Age
25:57 Castle Age
26:17 Castle Age
27:51 Pikeman
35:51 Imperial Age
40:29 Halberdier
44:51 Husbandry
45:02 Bloodlines
44:13 Light Cavalry
44:13 Cavalier
47:11 Hussar
52:46 Scale Barding Armor
53:52 Chain Barding Armor
53:22 Paladin
LeadSlug
2:48 Loom
12:38 Feudal Age
16:55 Castle Age
27:42 Double-Bit Axe
27:39 Horse Collar
28:58 Wheelbarrow
31:51 Bow Saw
32:05 Fletching
35:20 Imperial Age
33:29 Heavy Plow
34:22 Padded Archer Armor
34:33 Forging
34:28 Scale Barding Armor
35:06 Bloodlines
34:56 Husbandry
35:50 Hand Cart
35:51 Heavy Camel Rider
36:50 Murder Holes
37:08 Fortified Wall
37:23 Leather Archer Armor
37:43 Conscription
38:02 Artillery
38:26 Elite Janissary
39:05 Town Watch
39:56 Iron Casting
40:53 Chain Barding Armor
42:12 Caravan
43:27 Blast Furnace
44:29 Gold Mining
45:47 Plate Barding Armor
45:43 Ring Archer Armor
47:47 Hoardings
47:36 Bodkin Arrow
47:43 Town Patrol
48:44 Two-Man Saw
51:33 Gold Shaft Mining
50:49 Stone Mining
Traiano86
10:44 Feudal Age
20:38 Castle Age
19:05 Horse Collar
19:20 Double-Bit Axe
24:16 Fervor
25:52 Town Watch
25:31 Pikeman
25:31 Man-at-Arms
26:12 Squires
26:27 Bow Saw
26:11 Gold Mining
26:12 Stone Mining
29:27 Wheelbarrow
28:50 Long Swordsman
31:19 Hand Cart
31:49 Gold Shaft Mining
35:27 Imperial Age
34:31 Murder Holes
35:58 Forging
35:49 Scale Mail Armor
35:41 Fletching
37:16 Halberdier
37:59 Legionary
43:21 Chain Mail Armor
43:42 Iron Casting
44:40 Conscription
47:52 Elite Skirmisher
nintokutenno
12:57 Feudal Age
13:24 Horse Collar
13:31 Double-Bit Axe
14:23 Wheelbarrow
14:35 Stone Mining
15:15 Town Watch
18:50 Gold Mining
25:52 Castle Age
23:46 Fishing Lines
27:24 Gold Shaft Mining
26:52 Heavy Plow
27:05 Bow Saw
27:12 Hand Cart
29:13 Gillnets
29:53 Town Patrol
31:14 Scale Barding Armor
31:11 Husbandry
31:21 Bloodlines
33:10 Marauders
36:46 Imperial Age
39:01 Chain Barding Armor
38:18 Elite Tarkan
39:19 Conscription
40:32 Plate Barding Armor
50:16 Two-Man Saw
TheBulAb69
0:26 Loom
15:07 Feudal Age
15:34 Horse Collar
16:10 Double-Bit Axe
22:34 Castle Age
21:06 Gold Mining
21:06 Stone Mining
21:58 Arson
22:08 Fletching
22:28 Forging
24:39 Bodkin Arrow
25:42 Gold Shaft Mining
27:16 Squires
28:54 Wheelbarrow
29:07 Ballistics
28:43 Town Watch
31:04 Masonry
30:35 Treadmill Crane
33:26 Heavy Plow
33:41 Bow Saw
34:52 Murder Holes
35:10 Fortified Wall
38:37 Imperial Age
37:23 Iron Casting
36:48 Scale Mail Armor
37:01 Scale Mail Armor
38:43 Caravan
39:37 Chain Mail Armor
40:11 Hand Cart
41:02 Hoardings
41:42 Plate Mail Armor
42:32 Padded Archer Armor
42:33 Bracer
43:57 Two-Man Saw
44:12 Chemistry
43:44 Architecture
43:42 Leather Archer Armor
43:31 Crossbowman
44:16 Thumb Ring
45:08 Conscription
44:13 Arbalester
46:16 Ring Archer Armor
John
2:35 Loom
11:38 Feudal Age
12:24 Double-Bit Axe
17:51 Castle Age
15:54 Fishing Lines
17:55 Horse Collar
18:52 Bow Saw
18:56 Heavy Plow
19:48 Gold Mining
20:21 Stone Mining
22:34 Stone Shaft Mining
21:52 Gillnets
22:41 Wheelbarrow
22:28 Bloodlines
23:01 Gambesons
23:16 Squires
24:34 Light Cavalry
26:22 Hand Cart
26:27 Husbandry
27:34 Scale Barding Armor
28:00 Forging
34:15 Imperial Age
32:52 Chain Barding Armor
33:08 Iron Casting
34:23 Caravan
35:02 Cavalier
36:21 Plate Barding Armor
36:33 Conscription
38:58 Blast Furnace
38:12 Hussar
39:08 Vendel Legacy
41:02 Cranequins
44:21 Fletching
44:31 Padded Archer Armor
45:56 Bodkin Arrow
46:16 Leather Archer Armor
48:04 Coinage
48:16 Heavy Mounted Crossbowman
49:01 Bracer
49:31 Ring Archer Armor
51:40 Banking
51:38 Elite Varangian Guard
51:52 Gothikon
51:53 Elite Jarl
Picnic
2:24 Loom
11:57 Feudal Age
12:46 Double-Bit Axe
13:44 Stone Mining
13:46 Gold Mining
19:35 Castle Age
19:11 Padded Archer Armor
19:02 Fletching
23:14 Wheelbarrow
23:17 Gold Shaft Mining
23:46 Leather Archer Armor
23:26 Bodkin Arrow
25:36 Hand Cart
26:21 Caravan
27:01 Bow Saw
33:28 Imperial Age
34:39 Ballistics
35:19 Chemistry
34:32 Bracer
35:02 Ring Archer Armor
34:49 Elite Longbowman
36:52 Warwolf
37:17 Conscription
36:52 Pikeman
38:05 Yeomen
38:44 Guilds
38:37 Onager
40:46 Halberdier
54:39 Siege Engineers
Connection lost

Rejoining the realm…

Still unreachable

The connection could not be restored.

Session expired

The server has moved on; the page needs a fresh start.